 Dungeon Sprint DCSS version 0.30-a0-210-g01b79a254e (webtiles) character file.

Game seed: 3644192454433699843

21 rocky1 the Chopper (level 2, 0/29 HPs)
             Began as an Ogre Gladiator on Oct 5, 2022.
             Was an Initiate of Gozag.
             Killed by divine providence
             ... invoked by an orc priest
              (16 damage)
             ... in the Dungeon (Sprint VII: "The Pits").
             The game lasted 00:01:05 (496 turns).

rocky1 the Chopper (Ogre Gladiator)                  Turns: 496, Time: 00:01:07

Health: 0/29       AC:  3    Str: 17    XL:     2   Next: 83%
Magic:  2/2        EV: 10    Int:  9    God:    Gozag
Gold:   432        SH:  0    Dex: 10    Spells: 1/1 levels left

rFire   . . .      SeeInvis .    a - +0 war axe
rCold   . . .      Faith    .    (no shield)
rNeg    . . .      Spirit   .    b - +0 robe
rPois   .          Reflect  .    c - +0 hat
rElec   .          Harm     .    (no cloak)
rCorr   .          Rampage  .    (gloves unavailable)
Will    .....      NoTele   +    (boots unavailable)
Stlth   +.........               (no amulet)
HPRegen 0.24/turn                (no ring)
MPRegen 0.08/turn                (no ring)

@: gold aura
A: large, unfitting armour, tough skin 1
a: Renounce Religion, Potion Petition, Call Merchant, Bribe Branch


You were in the Dungeon.
You worshipped Gozag.
Gozag was aware of your devotion.
You visited 1 branch You collected 432 gold pieces.

Inventory:

Hand Weapons
 a - a +0 war axe (weapon)
Missiles
 d - 3 throwing nets (quivered)
 e - a large rock
Armour
 b - a +0 robe (worn)
 c - a +0 hat (worn)
Scrolls
 k - a scroll of blinking
 m - 5 scrolls of amnesia
 n - a scroll of summoning
Potions
 f - 6 potions of curing
 g - 5 potions of heal wounds
 h - a potion of haste
 i - 4 potions of magic
 j - 3 potions of berserk rage
 l - 2 potions of invisibility


   Skills:
 - Level 2.6 Fighting
 + Level 6.2 Axes
 - Level 2.0 Throwing
 - Level 2.6 Dodging


You had one spell level left.
You didn't know any spells.
Your spell library was empty.

Dungeon Overview and Level Annotations

Branches:
Dungeon (1/1)

Altars:
Ashenzari
Cheibriados
Dithmenos
Elyvilon
Fedhas
Gozag
Hepliaklqana
Kikubaaqudgha
Makhleb
Nemelex Xobeh
Okawaru
Qazlal
Ru
Sif Muna
Trog
Uskayaw
Vehumet
Wu Jian
Xom
Yredelemnul
Zin
The Shining One
Jiyva
Lugonu


Innate Abilities, Weirdness & Mutations

You are too large for most types of armour.
You have tough skin. (AC +1)


Message History

There is an open door here.
You open the door.
A white imp and 2 orcs come into view.
The white imp gestures at you. The puff of frost hits you!
The orc shouts!
You hear a shout! x2
A phantom comes into view.
An orc priest comes into view. It is wielding a +0 dagger.
The orc priest shouts!
You hit the orc.
The orc is severely wounded.
The orc closely misses you. The orc hits you with a +0 flail.
You closely miss the orc.
The orc is severely wounded.
The orc hits you with a +0 flail!
You barely miss the orc.
The orc is severely wounded.
The orc closely misses you.
Okay, then.
There is an open door here.
The orc hits you with a +0 flail.
A ball python comes into view.
The orc attacks as you move away! The orc hits you with a +0 flail.
You slash the orc!
You kill the orc!
The white imp gestures at you. The puff of frost hits you.
* * * LOW HITPOINT WARNING * * *
Unknown command.
You feel much better. The white imp gestures at you.
The puff of frost misses you.
Unknown command.
The white imp gestures at you. The puff of frost hits you!
The orc priest mumbles some strange prayers to Beogh against you.
Beogh smites you!
Ouch! That really hurt!
You die...
Your body crumbles into a pile of gold.

############
#_________.#
#_________.#
#_______...########
##########'##......
#.?(.')))'.##......
##########.##......
#.@........)'......
#5#####'#####......
#o#..#...'.##......
#W#..#...#.#####'##
#.#..#####.##......
#.#..'..)#.##......
#.#..'.).'.##......
#.#..########...<..
#.#..'[))).##......


You could see a phantom, an orc priest and a white imp.

Vanquished Creatures
  A gnoll (D)
  An orc (D)
  2 ball pythons (D)
  An endoplasm (D)
  A giant cockroach (D)
  A hobgoblin (D)
  2 kobolds (D)
  A rat (D)
10 creatures vanquished.

Notes
Turn   | Place    | Note
-------+----------+-------------------------------------------
     0 | D        | rocky1 the Ogre Gladiator began the quest for the Orb.
     0 | D        | Reached XP level 1. HP: 22/22 MP: 1/1
    16 | D        | Reached skill level 5 in Axes
    16 | D        | Reached XP level 2. HP: 13/29 MP: 2/2
   287 | D        | Found a bloodstained altar of Trog.
   287 | D        | Found a shimmering blue altar of Sif Muna.
   287 | D        | Found a viscous altar of Jiyva.
   287 | D        | Found a hazy altar of Hepliaklqana.
   287 | D        | Found an opulent altar of Gozag.
   288 | D        | Found a glowing golden altar of the Shining One.
   288 | D        | Found a glowing silver altar of Zin.
   288 | D        | Found a basalt altar of Yredelemnul.
   288 | D        | Found a shimmering altar of Xom.
   288 | D        | Found an ornate altar of the Wu Jian Council.
   288 | D        | Found a sacrificial altar of Ru.
   288 | D        | Found a stormy altar of Qazlal.
   288 | D        | Found an iron altar of Okawaru.
   288 | D        | Found a sparkling altar of Nemelex Xobeh.
   288 | D        | Found a burning altar of Makhleb.
   288 | D        | Found a blossoming altar of Fedhas.
   288 | D        | Found a white marble altar of Elyvilon.
   288 | D        | Found a shadowy altar of Dithmenos.
   288 | D        | Found a snail-covered altar of Cheibriados.
   291 | D        | Found a corrupted altar of Lugonu.
   291 | D        | Found a radiant altar of Vehumet.
   292 | D        | Found an ancient bone altar of Kikubaaqudgha.
   292 | D        | Found a hide-covered altar of Uskayaw.
   292 | D        | Found a broken altar of Ashenzari.
   299 | D        | Became a worshipper of Gozag Ym Sagoz the Greedy
   412 | D        | Reached skill level 6 in Axes
   476 | D        | Noticed a phantom
   496 | D        | Killed from afar by an orc priest

Illustrated notes

Levels and vault maps discovered:
D:        pitsprint [storerooms_1, entrance_room_1, metal_vault_6, armoury_3,
          mini_pit_1, grid_room_1, main_hall_1, silver_pit, the_coven_2,
          the_vestibule_1, steel_vault_5, golden_pit, hallway_of_sentries,
          crystal_vault_1, iron_vault_1, final_vault]

Skill      XL: |  1  2 |
---------------+-------+-----
Axes           | 5 6 |  6.2
Fighting       | |  2.6
Throwing       | |  2.0
Dodging        | |  2.6

Action                   || total
-------------------------++-------
Melee: War axe           ||    28
  Use: Potion            ||     1
Armor: Robe              ||     7
Dodge: Dodged            ||    21

Table legend: (Time is in decaauts)
 A = Elapsed time spent in this place.
 B = Non-inter-level travel time spent in this place.
 C = Inter-level travel time spent in this place.
 D = Time resting spent in this place.
 E = Time spent auto-exploring this place.
 F = Levels seen in this place.
 G = Mean time per level.
                   A        B        C        D        E       F      G
               +--------+--------+--------+--------+--------+-----+--------+
         Total |    502 |    485 |     17 |    298 |      0 |   1 |  502.0 |
       Dungeon |    502 |    485 |     17 |    298 |      0 |   1 |  502.0 |
               +--------+--------+--------+--------+--------+-----+--------+

Top non-repeatable levels by time:
       D: 502 daAuts
